 Dungeon Crawl Stone Soup version 0.31-a0-321-g19405a7a6a (webtiles) character file.

Game seed: 4188687785803328246

1339 RepHenryClay the Cudgeller (level 8, 0/63 HPs)
             Began as a Ghoul Monk on July 18, 2023.
             Was a Believer of Okawaru.
             Slain by a wyvern (13 damage)
             ... on level 6 of the Dungeon.
             The game lasted 00:07:18 (4911 turns).

RepHenryClay the Cudgeller (Ghoul Monk)             Turns: 4911, Time: 00:07:18

Health: 0/63       AC: 13    Str: 17    XL:     8   Next: 61%
Magic:  10/11      EV: 11    Int:  5    God:    Okawaru [**....]
Gold:   197        SH: 11    Dex: 11    Spells: 7/7 levels left

rFire   . . .        a - +0 mace
rCold   + . .        m - +1 kite shield {AC+3}
rNeg    + + +        r - +0 scale mail
rPois   ∞            o - +0 helmet
rElec   .            (no cloak)
rCorr   .            (no gloves)
SInv    .            h - +0 pair of boots
Will    .....        (no amulet)
Stlth   +            (no ring)
HPRegen 0.00/turn    (no ring)
MPRegen 0.12/turn

%: no passive effects
@: heroic, inhibited regen
A: claws 1, cold resistance 1, negative energy resistance 3, inhibited
regeneration, torment resistance 2, devour on kill
a: Renounce Religion, Heroism


You were on level 6 of the Dungeon.
You worshipped Okawaru.
Okawaru was pleased with you.
You visited 1 branch of the dungeon, and saw 6 of its levels.

You collected 307 gold pieces.
You spent 110 gold pieces at shops.

Inventory:

Hand Weapons
 a - a +0 mace (weapon)
Armour
 b - a +0 robe
 d - an orb of light
 f - a +0 ring mail
 h - a +0 pair of boots (worn)
 m - a +1 kite shield of protection (worn)
 o - a +0 helmet (worn)
 r - a +0 scale mail (worn)
Wands
 s - a wand of roots (8)
Scrolls
 e - 2 scrolls of fog {unknown}
 j - a scroll of fear {unknown}
 k - 2 scrolls of enchant armour {unknown}
 l - 4 scrolls of teleportation {unknown}
 n - a scroll of identify {unknown}
 t - a scroll of noise {unknown}
 u - a scroll of revelation {unknown}
 v - a scroll of brand weapon {unknown}
Potions
 c - a potion of ambrosia
 g - a potion of mutation
 i - a potion of haste
 p - a potion of invisibility
 q - a potion of brilliance
 w - a potion of curing {unknown}


   Skills:
 - Level 3.2(8.2) Fighting
 * Level 6.3(11.3) Maces & Flails
 + Level 2.5(7.5) Armour
 - Level 2.6(7.6) Dodging
 + Level 4.7(9.7) Shields
 - Level 5.3 Invocations


You had 7 spell levels left.
You didn't know any spells.
Your spell library contained the following spells:

 Spells                   Type           Power      Damage    Failure   Level
 Freeze                   Ice            0%         1d3       97%         1
 Ensorcelled Hibernation  Hex/Ice        0%         N/A       99%         2
 Poisonous Vapours        Pois/Air       0%         N/A       99%         2
 Frozen Ramparts          Ice            0%         1d1       100%        3
 Hailstorm                Conj/Ice       0%         3d3       100%        3
 Mephitic Cloud           Conj/Pois/Air  0%         N/A       100%        3
 Freezing Cloud           Conj/Ice/Air   0%         6-21      100%        5
 Silence                  Hex/Air        0%         N/A       100%        5
 Tukima's Dance           Hex            Unusable   N/A       N/A         3

Dungeon Overview and Level Annotations

Branches:
Dungeon (6/15)             Temple (0/1) D:5

Altars:
Cheibriados
Okawaru
Qazlal
Uskayaw
Yredelemnul

Shops:
D:3 !

Annotations:
D:4 1 runed translucent door, Edmund; salammoniac's ghost, amateur DsSh


Innate Abilities, Weirdness & Mutations

You are immune to poison.
You have sharp fingernails.
Your flesh is cold resistant. (rC+)
You are immune to negative energy. (rN+++)
You do not regenerate when monsters are visible.
You are immune to unholy pain and torment.
You thrive by killing the living.


Message History

You sock the wyvern!
The wyvern is heavily wounded.
You block the wyvern's attack. x2
You gain the combat prowess of a mighty hero.
The wyvern bites you. The wyvern completely misses you.
Damage: -7%(-4hp) hp: 51%(32hp)
You hit the wyvern but do no damage.
The wyvern is heavily wounded.
You block the wyvern's attack.
You sock the wyvern!
The wyvern is almost dead.
The wyvern bites you. You block the wyvern's attack.
Damage: -6%(-4hp) hp: 45%(28hp)
You closely miss the wyvern.
The wyvern is almost dead.
The wyvern bites you!
* * * LOW HITPOINT WARNING * * *
Huge Dmg: -18%(-11hp) hp: 27%(17hp)
You hit the wyvern but do no damage.
The wyvern is almost dead.
The wyvern barely misses you.
A wight comes into view. It is wielding a +4 halberd.
You block the wyvern's attack.
You closely miss the wyvern.
The wyvern is almost dead.
The wyvern bites you but does no damage.
You hit the wyvern but do no damage.
The wyvern is almost dead.
The wyvern bites you but does no damage.
You block the wyvern's attack.
Unknown command.
You completely miss the wyvern.
The wyvern is almost dead.
The wyvern bites you.
* * * LOW HITPOINT WARNING * * *
Huge Dmg: -6%(-4hp) hp: 21%(13hp)
You closely miss the wyvern.
The wyvern is severely wounded.
The wyvern bites you!
You die...

#. .. ### . .z# ... .
#####.### ... .#... .l.. #.#
#... ?.. #.# # #..# #.# #.#
#.##..####o## #####.#
#......@l{o.# #.# ###...).#
####..####..## #.###
...###..# #..# #...# #...
....#.#### ###..# #...# #..#
....)#...###))..# #...# #..#
#....#....#.###.#####.####..#
##...#.....#...##...........#
#.###.#....#....#...........#
.#...###...#.....#.##.#####.#


You could see a wyvern and 2 orcs.

Vanquished Creatures
  Pikel (D:4)
  Grinder (D:4)
  A sky beast (D:6)
  An ogre (D:5)
  A centaur (D:6)
  A scorpion (D:4)
  2 wights (D:6)
  A hound (D:5)
  An iguana (D:5)
  An orc wizard (D:4)
  Robin (D:3)
  7 adders
  4 gnolls
  A worm (D:5)
  9 orcs
  A ball python (D:1)
  4 bats
  5 endoplasms
  6 giant cockroaches
  9 goblins
  4 hobgoblins
  4 jackals (D:3)
  2 kobolds
  A quokka (D:2)
  12 frilled lizards
  4 rats
85 creatures vanquished.

Notes
Turn   | Place    | Note
-------+----------+-------------------------------------------
     0 | D:1      | RepHenryClay the Ghoul Monk began the quest for the Orb.
     0 | D:1      | Reached XP level 1. HP: 19/19 MP: 0/0
   178 | D:1      | Reached XP level 2. HP: 20/26 MP: 1/1
   268 | D:1      | Reached skill level 3 in Maces & Flails
   268 | D:1      | Reached skill level 1 in Armour
   291 | D:1      | Got the Compilation of Anathema
   915 | D:2      | Reached XP level 3. HP: 31/31 MP: 2/2
  1290 | D:2      | Found a hide-covered altar of Uskayaw.
  1400 | D:2      | Reached XP level 4. HP: 38/38 MP: 3/3
  2070 | D:2      | Reached skill level 1 in Shields
  2083 | D:3      | Reached skill level 4 in Maces & Flails
  2120 | D:3      | Noticed Robin
  2139 | D:3      | Killed Robin
  2140 | D:3      | Reached XP level 5. HP: 38/45 MP: 4/4
  2445 | D:3      | Found Fuecva's Distillery.
  2453 | D:3      | Bought 2 potions of heal wounds for 100 gold pieces
  2453 | D:3      | Bought a potion of degeneration for 10 gold pieces
  2455 | D:3      | Found a snail-covered altar of Cheibriados.
  2775 | D:4      | Found a basalt altar of Yredelemnul.
  2844 | D:4      | Noticed Pikel
  2844 | D:4      | Noticed a lemure
  2844 | D:4      | Noticed a lemure
  2844 | D:4      | Noticed a lemure
  2845 | D:4      | Noticed a lemure
  2885 | D:4      | Killed Pikel
  2886 | D:4      | Reached skill level 5 in Maces & Flails
  2886 | D:4      | Reached XP level 6. HP: 25/51 MP: 5/5
  2886 | D:4      | Reached XP level 7. HP: 28/57 MP: 6/6
  3134 | D:4      | Found an iron altar of Okawaru.
  3223 | D:4      | Became a worshipper of Warmaster Okawaru
  3223 | D:4      | Reached * piety under Okawaru
  3223 | D:4      | Reached ** piety under Okawaru
  3248 | D:4      | Found a runed translucent door.
  3248 | D:4      | Noticed salammoniac's ghost (amateur DsSh)
  3371 | D:4      | Noticed Grinder
  3396 | D:4      | Paralysed by Grinder for 5 turns
  3403 | D:4      | Killed Grinder
  3404 | D:4      | Reached XP level 8. HP: 19/63 MP: 6/9
  3572 | D:4      | Noticed Edmund
  3631 | D:5      | Entered Level 5 of the Dungeon
  3635 | D:5      | Found a staircase to the Ecumenical Temple.
  4202 | D:5      | Found a stormy altar of Qazlal.
  4557 | D:6      | Reached skill level 5 in Invocations
  4623 | D:6      | Reached skill level 6 in Maces & Flails
  4878 | D:6      | Noticed a wyvern
  4911 | D:6      | Slain by a wyvern

Illustrated notes

Levels and vault maps discovered:
D:1:      mainiacjoe_arrival_reflecting_pool, layout_basic, st_stairs_10
D:2:      layout_basic, basic_altar, minmay_lizard_king
D:3:      layout_basic, amcnicky_altar_gilded, serial_shops, shop, uniq_robin
D:4:      layout_basic, lemuel_crystal_altar, mainiacjoe_overflow_brackets,
          nemelex_spade_bored_becter, ebering_ghost_sewer_d,
          minmay_misc_feat_encased, uniq_edmund, uniq_pikel, uniq_grinder
D:5:      layout_basic, nicolae_qazlal_general_emergency, temple_fountains
D:6:      nicolae_BIG_FREAKIN_CUBE, layout_loops_ring, serial_shops,
          shop_fountains, columned_hall_lemuel, hangedman_glass_teeth

Skill      XL: |  1  2  3  4  5  6  7  8 |
---------------+-------------------------+-----
Maces & Flails | 3 4 5 6 |  6.3
Armour         | 1 2 |  2.5
Shields        | 1 4 |  4.7
Invocations    | 3 5 |  5.3
Fighting       | |  3.2
Dodging        | |  2.6

Action                     |  1- 3 |  4- 6 |  7- 9 || total
---------------------------+-------+-------+-------++-------
  Melee: Mace              |    99 |   162 |   177 ||   438
 Invoke: Heroism           |       |       |     1 ||     1
    Use: Potion            |       |     7 |     2 ||     9
   Stab: Invisible         |       |     2 |     3 ||     5
 Armour: Robe              |     4 |       |       ||     4
         Ring mail         |    36 |    55 |       ||    91
         Scale mail        |       |    22 |    74 ||    96
  Dodge: Dodged            |    55 |    54 |    46 ||   155
  Block: Kite shield       |       |    86 |    82 ||   168

Table legend: (Time is in decaauts)
 A = Elapsed time spent in this place.
 B = Non-inter-level travel time spent in this place.
 C = Inter-level travel time spent in this place.
 D = Time resting spent in this place.
 E = Time spent auto-exploring this place.
 F = Levels seen in this place.
 G = Mean time per level.
                   A        B        C        D        E       F      G
               +--------+--------+--------+--------+--------+-----+--------+
         Total |   5020 |   4829 |    191 |    120 |   3650 |   6 |  836.7 |
       Dungeon |   5020 |   4829 |    191 |    120 |   3650 |   6 |  836.7 |
               +--------+--------+--------+--------+--------+-----+--------+

Top non-repeatable levels by time:
     D:2: 1012 daAuts
     D:3: 961 daAuts
     D:5: 913 daAuts
     D:1: 876 daAuts
     D:4: 867 daAuts
     D:6: 388 daAuts
